Map: Extracción Fríonegro

Players

MrFercho - Winner!

  • Race: Terran Terran
  • Spawn Location: 11:00

tigro

  • Race: Terran Terran
  • Spawn Location: 5:00

VOD

Have the link to the VOD?

Description

Time

  • Played on: Oct. 3, 2018, 10:47 p.m.
  • Length: 29:13
Show
View Real Time Build Order
Export as new Build Order

MrFercho Terran - Winner!

Build Orders:  

Get SALT Encoding   

  12  0:02  SCV  
  13  0:18  Supply Depot  
  13  0:23  SCV  
  14  0:35  SCV  
  15  0:45  Refinery  
  15  0:47  SCV  
  16  0:59  SCV  
  16  1:00  Refinery  
  17  1:11  SCV  
  18  1:24  SCV  
  19  1:30  Supply Depot  
  19  1:36  SCV  
  20  1:48  Barracks, SCV  
  20  1:53  Supply Depot  
  21  2:00  Engineering Bay, SCV  
  22  2:12  SCV  
  23  2:24  SCV  
  23  2:26  Barracks, Engineering Bay  
  24  2:36  Terran Infantry Armor Level 1  
  24  2:40  Barracks Tech Lab  
  24  2:53  SCV  
  25  3:03  Marauder  
  25  3:05  SCV  
  28  3:14  Barracks  
  28  3:17  SCV  
  28  3:18  Barracks Tech Lab  
  29  3:24  Reaper  
  30  3:29  Terran Infantry Weapons Level 1, SCV  
  31  3:41  SCV  
  32  3:56  Marine  
  32  4:02  Barracks  
  33  4:13  Orbital Command  
  33  4:19  Barracks Tech Lab  
  33  4:30  Hi-Sec Auto Tracking  
  33  4:31  Factory  
  33  4:53  Barracks Tech Lab  
  33  5:16  Factory  
  33  5:22  Neosteel Frame  
  33  5:33  Sensor Tower  
  32  5:41  Marauder x3  
  38  5:57  Marauder  
  40  6:04  Sensor Tower  
  40  6:10  Supply Depot  
  40  6:12  Supply Depot  
  40  6:20  Factory  
  40  6:33  Supply Depot  
  40  6:36  Supply Depot, Armory  
  40  6:50  SCV  
  40  6:52  Command Center  
  41  6:57  Supply Depot  
  41  7:00  Supply Depot  
  41  7:02  SCV  
  41  7:04  Factory  
  41  7:05  Refinery  
  42  7:09  Refinery  
  42  7:14  SCV  
  43  7:26  SCV  
  43  7:29  Command Center  
  44  7:30  Refinery  
  44  7:38  SCV, Refinery  
  45  7:50  SCV  
  46  8:03  SCV  
  47  8:06  Cyclone x4  
  59  8:17  Armory  
  58  8:35  Marine  
  58  8:36  Marine x3  
  62  8:47  SCV  
  63  8:59  SCV  
  64  9:06  Armory  
  64  9:20  Sensor Tower  
  64  9:25  Factory Tech Lab x2  
  64  9:26  Factory Tech Lab x2  
  64  9:29  Concussive Shells  
  64  9:33  Combat Shield  
  64  9:47  Sensor Tower  
  64  9:48  SCV  
  64  9:51  Stimpack  
  65  9:55  SCV  
  66  10:00  SCV  
  67  10:07  SCV  
  67  10:12  SCV  
  69  10:16  Sensor Tower, Neosteel Armor  
  69  10:17  Terran Infantry Armor Level 2  
  69  10:19  SCV  
  70  10:24  SCV  
  71  10:31  SCV  
  72  10:37  SCV  
  72  10:39  Command Center  
  73  10:43  SCV  
  74  11:11  Refinery  
  74  11:13  Refinery  
  57  11:59  Thor  
  57  12:00  Thor  
  57  12:01  Siege Tank x2  
  75  12:10  Terran Ship Weapons Level 1  
  75  12:11  Terran Vehicle And Ship Armor Level 1, Terran Vehicle Weapons Level 1  
  75  12:29  SCV  
  76  12:33  Hellbat x2  
  76  12:34  Orbital Command  
  80  12:39  Orbital Command  
  80  12:41  SCV  
  81  12:53  SCV  
  82  13:03  Starport  
  82  13:05  SCV  
  83  13:17  SCV  
  75  13:40  Starport  
  75  14:02  Missile Turret  
  75  14:08  Missile Turret  
  75  14:09  Missile Turret  
  75  14:10  Missile Turret  
  75  14:16  Starport  
  75  14:22  Missile Turret  
  75  14:28  Missile Turret, SCV  
  76  14:34  Missile Turret  
  76  14:35  Missile Turret  
  76  14:36  Siege Tank  
  76  14:37  Missile Turret, Siege Tank x3  
  88  14:40  SCV  
  89  14:47  Missile Turret  
  89  14:49  Marauder x4  
  89  14:52  SCV  
  98  14:54  Starport  
  98  14:58  Missile Turret  
  98  15:04  SCV  
  98  15:06  Missile Turret  
  99  15:08  Thor x2  
  99  15:09  Thor x2, Marine  
  99  15:10  Marine x3  
  127  15:16  SCV  
  128  15:27  Marine x2  
  128  15:28  Marine x2  
  132  16:03  Starport Tech Lab x2  
  132  16:04  Starport Tech Lab x2  
  132  16:32  Sensor Tower  
  132  16:57  Fusion Core  
  132  16:59  Command Center  
  132  17:00  Refinery  
  132  17:03  Sensor Tower, Refinery  
  132  17:21  Ghost Academy  
  132  17:23  Ghost Academy  
  132  17:29  Viking  
  134  17:30  Viking x3  
  134  17:33  Sensor Tower  
  140  17:52  Ghost Academy x2  
  140  17:59  Viking  
  140  18:00  Viking x2, Ghost Academy  
  140  18:04  Sensor Tower  
  146  18:25  Ghost Academy x2  
  146  18:33  Ghost Academy  
  146  18:35  Sensor Tower  
  146  18:39  Medivac x3  
  152  18:54  Refinery  
  152  18:55  Ghost Academy  
  152  18:56  Orbital Command  
  152  19:00  Ghost Academy, Orbital Command  
  152  19:03  Ghost Academy  
  152  19:18  Refinery  
  152  19:33  Ghost Academy, Command Center  
  152  19:37  Refinery  
  152  19:38  Command Center  
  152  20:04  Refinery  
  152  20:11  Weapon Refit  
  145  21:02  Terran Vehicle And Ship Armor Level 2, Terran Vehicle Weapons Level 2, Terran Ship Weapons Level 2  
  134  21:04  Terran Infantry Weapons Level 2  
  134  21:05  Terran Infantry Armor Level 3  
  133  21:14  Battlecruiser x3  
  133  21:15  Battlecruiser  
  155  22:18  Raven x2, Banshee x2  
  156  23:01  Banshee x4  
  168  23:11  Orbital Command  
  168  23:40  Orbital Command  
  168  23:43  Banshee  
  168  23:44  Banshee x3  
  180  24:19  Sensor Tower  
  180  24:21  Nuke  
  180  24:23  Personal Cloaking  
  180  24:24  Nuke x3  
  180  24:25  Nuke x5  
  180  24:26  Banshee x2, Nuke x2  
  180  24:27  Banshee x2  
  192  24:38  SCV x4  
  194  24:39  SCV  
  194  24:40  SCV x2  
  194  24:43  Sensor Tower  
  199  24:50  SCV  
  200  25:48  Nuke  
  200  25:52  Terran Vehicle And Ship Armor Level 3, Terran Ship Weapons Level 3, Terran Vehicle Weapons Level 3  
  192  27:01  Advanced Ballistics  
  192  27:08  Infernal Pre-Igniter, Rapid Fire Launchers, Drilling Claws  
  192  27:09  Smart Servos  
Show
View Real Time Build Order
Export as new Build Order

tigro Terran 

Build Orders:  

Get SALT Encoding   

  12  0:06  SCV  
  13  0:17  Refinery  
  13  0:20  SCV  
  14  0:28  Refinery  
  14  0:36  Supply Depot  
  14  0:43  SCV  
  15  0:58  SCV  
  16  1:10  SCV  
  17  1:12  Barracks  
  17  1:33  SCV  
  18  2:00  Marine  
  19  2:17  Engineering Bay  
  19  2:18  Marine  
  20  2:36  Marine  
  21  2:50  Supply Depot  
  21  2:54  Marine  
  22  3:12  Marine  
  23  3:19  Ghost Academy, Terran Infantry Weapons Level 1  
  23  3:49  Command Center  
  23  3:56  Barracks Tech Lab  
  23  4:12  Factory  
  23  4:19  Combat Shield  
  23  4:51  Personal Cloaking  
  23  5:03  Missile Turret  
  23  5:05  Refinery  
  24  5:07  SCV  
  24  5:14  Terran Infantry Armor Level 1  
  24  5:19  SCV  
  25  5:27  Missile Turret  
  25  5:31  SCV  
  26  5:38  Marauder  
  28  5:53  SCV  
  29  5:59  Marauder, Stimpack  
  31  6:05  SCV  
  31  6:08  Supply Depot  
  31  6:10  Planetary Fortress  
  32  6:26  Factory Tech Lab  
  32  6:43  SCV  
  33  6:56  SCV  
  33  7:00  Armory  
  34  7:02  Marauder  
  34  7:08  Hi-Sec Auto Tracking  
  36  7:24  Marauder  
  38  7:39  Concussive Shells  
  38  7:45  Marauder  
  40  7:54  Starport  
  40  8:04  Neosteel Frame  
  40  8:06  Marauder  
  42  8:45  Planetary Fortress  
  42  8:50  Missile Turret  
  42  8:57  Infernal Pre-Igniter  
  42  9:01  Thor  
  48  9:13  Refinery  
  48  9:23  Neosteel Armor  
  48  9:26  SCV  
  49  9:38  SCV  
  50  9:50  Bunker  
  50  10:08  Starport Tech Lab  
  50  10:16  Rapid Fire Launchers  
  50  10:22  Terran Vehicle Weapons Level 1  
  50  10:23  Supply Depot  
  50  10:44  Thor  
  56  10:52  Fusion Core  
  56  11:01  Marine  
  57  11:08  Medivac  
  59  11:19  Marine  
  59  11:23  SCV  
  43  11:34  Drilling Claws  
  43  11:35  SCV  
  43  11:36  Marine  
  43  11:37  Weapon Refit  
  38  11:54  Marine  
  38  11:55  Siege Tank  
  38  11:58  Battlecruiser  
  48  12:12  Marine  
  49  12:16  Terran Vehicle And Ship Armor Level 1  
  49  12:30  Marauder  
  51  12:53  Smart Servos  
  51  13:02  Battlecruiser  
  57  13:07  Missile Turret  
  56  13:32  Missile Turret  
  48  13:37  Marauder  
  48  13:41  Siege Tank  
  51  13:58  Marauder  
  53  14:11  Terran Ship Weapons Level 1  
  53  14:13  Siege Tank  
  53  14:16  SCV  
  57  14:19  Marauder  
  59  14:41  Marauder  
  61  14:52  Supply Depot  
  61  15:05  Terran Infantry Weapons Level 2  
  61  15:13  Battlecruiser, Siege Tank  
  70  15:33  Refinery  
  70  15:51  Bunker  
  70  15:55  Supply Depot  
  70  15:58  Refinery  
  70  16:04  Terran Vehicle Weapons Level 2  
  70  16:17  Marauder, Siege Tank  
  75  16:38  Marine  
  76  16:48  Command Center  
  76  16:52  Missile Turret  
  76  16:56  Marine  
  77  17:07  Supply Depot  
  77  17:14  Marine  
  78  17:20  Terran Infantry Armor Level 2  
  78  17:29  Siege Tank  
  81  17:55  Supply Depot  
  81  18:02  Missile Turret  
  81  18:20  Terran Vehicle And Ship Armor Level 2  
  81  18:21  Missile Turret  
  81  18:46  Bunker  
  81  18:54  Marine  
  82  19:12  Marine  
  82  19:13  Barracks  
  83  19:30  Marine  
  84  19:48  Marine  
  85  20:00  Battlecruiser  
  85  20:04  Supply Depot  
  85  20:06  Marine  
  92  20:11  Thor  
  61  21:04  Battlecruiser  
  47  21:14  Siege Tank  
  44  21:25  Marine  
  30  21:43  Marine  
  30  21:46  Siege Tank  
  33  21:59  SCV  
  33  22:01  Marine  
  35  22:09  Battlecruiser  
  35  22:12  SCV  
  42  22:18  Marine  
  32  22:36  Marine  
  33  23:13  Medivac  
  35  23:23  Refinery  
  35  23:24  Barracks Tech Lab  
  35  23:40  Refinery  
  35  23:58  Siege Tank  
  35  23:59  Missile Turret  
  38  24:06  SCV  
  39  24:32  Refinery  
  39  24:37  Marine  
  40  24:50  SCV  
  41  24:55  Marine  
  42  25:13  Marauder  
  44  25:23  Planetary Fortress  
  32  26:26  SCV  
  33  26:33  Siege Tank  
  24  27:05  Siege Tank  
  24  27:08  Missile Turret  
  22  27:39  Missile Turret  
Tags
 
Matchup
TvT
Race
Terran
Replay Pack
MrFercho
Spawn Locations
Cross Positions
Add a new tag
Caveats
  • Supply blocks, unpowered buildings, or Contaminate may cause inaccurate times.
  • Supply counts are checked every 10 seconds.